[Event "Titled Tuesday Blitz May 24 Early 2022"]
[White "Olafsson, Helgi"]
[Black "Keller, Peter"]
[WhiteFideId "2300010"]
[BlackFideId "1272105"]
[WhiteElo "2463"]
[BlackElo "2275"]
[Result "1-0"]
[Round "04"]
[TimeControl "180+1"]
[Date "2022.05.25"]
[WhiteClock "0:00:45"]
[BlackClock "0:00:17"]

1. Nf3 d5 2. g3 g6 3. Bg2 Bg7 4. O-O e5 5. c4 Ne7 6. cxd5 Nxd5 7. Nc3 O-O 8. d4 exd4 9. Nxd4 Nxc3 10. bxc3 c6 11. Rb1 Qa5 12. Qb3 Nd7 13. Rd1 Nc5 14. Qb4 Qxb4 15. cxb4 Na4 16. Rb3 Rd8 17. e3 Be6 18. Rbd3 Bc4 19. Ra3 Nb6 20. Bf3 a6 21. Nb3 Rxd1+ 22. Bxd1 Rd8 23. Bc2 Bd5 24. Nc5 Rb8 25. e4 Be6 26. Bf4 Rd8 27. Nxb7 Rd4 28. Rxa6 Rxb4 29. Nc5 Rb2 30. Bb3 Bxb3 31. axb3 Rc2 32. Rxb6 Rxc5 33. Rb8+ 1-0


[Site "https://www.chess.com"]

[Event "Titled Tuesday Blitz May 24 Early 2022"]
[White "Onslow, Alfie"]
[Black "Golizadeh, Asghar"]
[WhiteFideId "436976"]
[BlackFideId "12505269"]
[WhiteElo "1885"]
[BlackElo "2403"]
[Result "0-1"]
[Round "04"]
[TimeControl "180+1"]
[Date "2022.05.25"]
[WhiteClock "0:00:03"]
[BlackClock "0:00:07"]

1. e4 c5 2. Nc3 g6 3. d4 cxd4 4. Qxd4 Nf6 5. e5 Nc6 6. Qf4 Nh5 7. Qe3 d5 8. exd6 Qxd6 9. Nf3 Bg7 10. Bd2 O-O 11. O-O-O e5 12. Ne4 Qe7 13. h3 Be6 14. Kb1 f5 15. Nc5 Bf7 16. Qa3 b6 17. Bb5 Rac8 18. Nb3 Qxa3 19. bxa3 Nf4 20. Bxf4 exf4 21. Ng5 Ne5 22. Rhe1 h6 23. Nxf7 Rxf7 24. Rd6 Kh7 25. Nd2 Rc5 26. a4 Rfc7 27. Rc1 Nf7 28. Rd3 Ne5 29. Rd6 Rc3 30. Nb3 Nc4 31. Bxc4 R3xc4 32. a5 bxa5 33. a4 Rxa4 34. Re1 Rb7 35. Kc1 Bc3 36. Ree6 Rg7 37. Kd1 Ra2 38. Nc5 Bb4 39. Rc6 Bxc5 40. Rxc5 a4 41. Ra5 Rd7+ 42. Kc1 a3 0-1


[Site "https://www.chess.com"]

[Event "Titled Tuesday Blitz May 24 Early 2022"]
[White "Oparin, Grigoriy"]
[Black "Vakhlamov, Igor L."]
[WhiteFideId "24125890"]
[BlackFideId "24126748"]
[WhiteElo "2665"]
[BlackElo "2401"]
[Result "1/2-1/2"]
[Round "04"]
[TimeControl "180+1"]
[Date "2022.05.24"]
[WhiteClock "0:00:32"]
[BlackClock "0:00:21"]

1. e4 c5 2. Nf3 Nc6 3. Nc3 g6 4. d4 cxd4 5. Nxd4 Bg7 6. Be3 Nf6 7. Bc4 O-O 8. Bb3 a5 9. O-O Nxd4 10. Bxd4 d6 11. Qe2 Bd7 12. a4 Bc6 13. Rad1 Nd7 14. Bd5 Bxd4 15. Rxd4 Qb6 16. Rd3 Rac8 17. Rh3 Nf6 18. Bb3 Bd7 19. Rg3 Rc5 20. Nd5 Nxd5 21. exd5 Bf5 22. h4 Rfc8 23. Rc1 Qb4 24. Qxe7 Bxc2 25. Rxc2 Rxc2 26. Bxc2 Rxc2 27. h5 Rc1+ 28. Kh2 Qf4 29. Qe3 Rc4 30. h6 Qxe3 31. Rxe3 Rh4+ 32. Kg3 Rxh6 33. Rb3 Rh5 34. Rb5 Kg7 35. Rxa5 Rg5+ 36. Kh2 Re5 37. Rb5 Re7 38. Rb6 Rd7 39. f4 Kf6 40. g4 h5 41. Kg3 hxg4 42. Kxg4 Ke7 43. b4 Kd8 44. Rb5 Kc7 45. Ra5 Kb8 46. Kg5 Re7 47. Rb5 Kc7 48. Kf6 Re4 49. Kxf7 Rxf4+ 50. Kxg6 Rf1 51. Kg5 Rf2 52. Kg4 Rf1 53. Kg3 Rf5 54. Ra5 Kb8 55. Rb5 Kc7 56. Kg4 Rf1 57. Kg3 Rf5 1/2-1/2


[Site "https://www.chess.com"]

[Event "Titled Tuesday Blitz May 24 Early 2022"]
[White "Ozkan, Ervin"]
[Black "Estrada Nieto, Julian"]
[WhiteFideId "6306004"]
[BlackFideId "5101018"]
[WhiteElo "2226"]
[BlackElo "2252"]
[Result "1-0"]
[Round "04"]
[TimeControl "180+1"]
[Date "2022.05.25"]
[WhiteClock "0:00:10"]
[BlackClock "0:00:01"]

1. d4 d5 2. Bf4 Nf6 3. e3 c5 4. Nf3 Nc6 5. c3 e6 6. Nbd2 h6 7. Bb5 Nh5 8. Bg3 Nxg3 9. hxg3 Bd7 10. a4 Bd6 11. dxc5 Bxc5 12. Qe2 a6 13. Bxc6 Bxc6 14. Ne5 Rc8 15. Qg4 Qf6 16. Ndf3 Bd6 17. Qd4 O-O 18. Nxc6 Rxc6 19. Qxf6 gxf6 20. Rxh6 Kg7 21. Rh4 Rfc8 22. Kd2 Rc4 23. Rxc4 Rxc4 24. b3 Rc8 25. Re1 b5 26. axb5 axb5 27. b4 Ra8 28. Rc1 e5 29. Rc2 Ra1 30. g4 Kf8 31. g3 Ke7 32. Nh4 Ke6 33. Nf5 Bf8 34. f3 Rf1 35. Ke2 Rh1 36. Rd2 Ra1 37. Kd3 Ra3 38. Kc2 Ra2+ 39. Kc1 Ra4 40. Kb2 Bd6 41. e4 d4 42. cxd4 Bxb4 43. d5+ Kd7 44. Rc2 Bf8 45. Rc6 Rb4+ 46. Kc3 Ra4 47. Rb6 Ra3+ 48. Kb2 Rxf3 49. Rb7+ Kc8 50. Rxb5 Rf2+ 51. Kc3 Kc7 52. Ra5 Bd6 53. Ra6 1-0


[Site "https://www.chess.com"]

[Event "Titled Tuesday Blitz May 24 Early 2022"]
[White "Perez Gormaz, Matias"]
[Black "Zakhartsov, Vladimir"]
[WhiteFideId "3406342"]
[BlackFideId "4145097"]
[WhiteElo "2341"]
[BlackElo "2428"]
[Result "1/2-1/2"]
[Round "04"]
[TimeControl "180+1"]
[Date "2022.05.24"]
[WhiteClock "0:01:13"]
[BlackClock "0:00:52"]

1. e4 c5 2. Nf3 d6 3. Bb5+ Nd7 4. a4 a6 5. Be2 Ngf6 6. Nc3 g6 7. d4 cxd4 8. Nxd4 Bg7 9. O-O O-O 10. Re1 Nc5 11. Bf1 Bd7 12. a5 Rc8 13. Bg5 Ne6 14. Nxe6 Bxe6 15. Nd5 Bxd5 16. exd5 Rc5 17. c4 Rxa5 18. Rxa5 Qxa5 19. Rxe7 Qb6 20. b3 h5 21. h3 Nh7 22. Be3 Qb4 23. Bd2 Qb6 24. Be3 Qb4 25. Bd2 Qb6 26. Be3 1/2-1/2


[Site "https://www.chess.com"]

[Event "Titled Tuesday Blitz May 24 Early 2022"]
[White "Pham, Tran Gia Phuc"]
[Black "Vusatiuk, Vladimir"]
[WhiteFideId "12415669"]
[BlackFideId "14118610"]
[WhiteElo "1789"]
[BlackElo "2157"]
[Result "1-0"]
[Round "04"]
[TimeControl "180+1"]
[Date "2022.05.25"]
[WhiteClock "0:00:37"]
[BlackClock "0:00:04"]

1. e4 c5 2. Nc3 Nc6 3. Bb5 g6 4. Bxc6 bxc6 5. f4 Bg7 6. d3 f5 7. Nf3 d6 8. O-O Nh6 9. Qe2 O-O 10. e5 Nf7 11. Kh1 Rb8 12. b3 g5 13. g3 g4 14. Nh4 dxe5 15. Bd2 exf4 16. gxf4 e5 17. Ng2 Re8 18. Rae1 Bd7 19. Qf2 exf4 20. Nxf4 Ne5 21. Qxc5 Nf3 22. Rxe8+ Bxe8 23. Be3 Qh4 24. Bg1 Bd4 25. Qc4+ Bf7 26. Qxd4 Nxd4 27. Bxd4 Re8 28. Ng2 Qh3 29. Rxf5 Bg6 30. Rf1 g3 31. Bg1 Rf8 32. Re1 Bh5 33. Re5 Bf3 34. Rg5+ Kh8 35. Bd4+ Rf6 36. Bxf6# 1-0


[Site "https://www.chess.com"]

[Event "Titled Tuesday Blitz May 24 Early 2022"]
[White "Piliczewski, Bogusz"]
[Black "Galiana Fernandez, Adrian"]
[WhiteFideId "1104144"]
[BlackFideId "32010150"]
[WhiteElo "1896"]
[BlackElo "2133"]
[Result "0-1"]
[Round "04"]
[TimeControl "180+1"]
[Date "2022.05.25"]
[WhiteClock "0:00:03"]
[BlackClock "0:00:09"]

1. d4 Nf6 2. Nf3 g6 3. Bf4 Bg7 4. e3 d6 5. h3 O-O 6. Be2 c5 7. O-O Qb6 8. Qc1 Nc6 9. c3 Bf5 10. Nbd2 cxd4 11. exd4 Rfc8 12. Nc4 Qd8 13. Ne3 Be6 14. Qd1 Nd5 15. Bh2 Qb6 16. Rb1 a5 17. c4 Nxe3 18. fxe3 Bf5 19. Bd3 Bxd3 20. Qxd3 Nb4 21. Qa3 Rxc4 22. Rfc1 Rac8 23. b3 Rc2 24. Ne1 R2c3 25. Kh1 Bh6 26. Bg1 Qc6 27. Rxc3 Qxc3 28. Qxa5 Na6 29. Qxc3 Rxc3 30. Bf2 Bxe3 31. Bxe3 Rxe3 32. Nf3 Re2 33. a3 Ra2 34. a4 Nb4 35. Re1 e6 36. Rc1 Rb2 0-1


[Site "https://www.chess.com"]

[Event "Titled Tuesday Blitz May 24 Early 2022"]
[White "Politov, Pavel Y."]
[Black "Balint, Vilmos"]
[WhiteFideId "24110515"]
[BlackFideId "718050"]
[WhiteElo "2090"]
[BlackElo "2059"]
[Result "0-1"]
[Round "04"]
[TimeControl "180+1"]
[Date "2022.05.25"]
[WhiteClock "0:00:02"]
[BlackClock "0:01:10"]

1. e4 e6 2. d4 d5 3. Nc3 Bb4 4. e5 Ne7 5. a3 Bxc3+ 6. bxc3 b6 7. Qg4 Ng6 8. Bg5 Qd7 9. h4 h5 10. Qf3 Qa4 11. Bd3 Ne7 12. Nh3 Ba6 13. Bd2 Bxd3 14. Qxd3 Qa6 15. Ng5 Qxd3 16. cxd3 Nbc6 17. Rh3 Na5 18. Rf3 Nf5 19. Rf4 Ke7 20. f3 f6 21. Nh3 c5 22. Rb1 cxd4 23. cxd4 Nc6 24. Bb4+ Kf7 25. exf6 gxf6 26. Bc3 Rhg8 27. Kf2 Rg6 28. Rg1 Rag8 29. Bb2 Rg3 30. Bc3 R8g6 31. Bb2 Rg7 32. Bc3 Ke7 33. Bb2 Na5 34. Bc3 Nb7 35. Bb2 Nbd6 36. Bc3 Nb5 37. Bb2 a5 38. a4 Na7 39. Bc3 Nc6 40. Bb2 Nb4 41. Ke2 Rxg2+ 42. Rxg2 Rxg2+ 43. Nf2 Ng3+ 44. Ke1 Rg1+ 45. Kd2 Rf1 0-1


[Site "https://www.chess.com"]

[Event "Titled Tuesday Blitz May 24 Early 2022"]
[White "Polster, Christian"]
[Black "Dahlgren, James Allen"]
[WhiteFideId "12965081"]
[BlackFideId "22256873"]
[WhiteElo "2292"]
[BlackElo "2059"]
[Result "1-0"]
[Round "04"]
[TimeControl "180+1"]
[Date "2022.05.25"]
[WhiteClock "0:01:47"]
[BlackClock "0:01:58"]

1. e4 e6 2. d4 c5 3. d5 exd5 4. exd5 d6 5. Nc3 f5 6. Bc4 Nf6 7. Nge2 Be7 8. O-O O-O 9. Nf4 a6 10. a4 b6 11. Re1 Qc7 12. Qd3 Ra7 13. Bd2 Bd7 14. Rxe7 1-0


[Site "https://www.chess.com"]

[Event "Titled Tuesday Blitz May 24 Early 2022"]
[White "Poltorak, Sebastian"]
[Black "Bryakin, Mikhail"]
[WhiteFideId "1199498"]
[BlackFideId "4165314"]
[WhiteElo "2066"]
[BlackElo "2417"]
[Result "0-1"]
[Round "04"]
[TimeControl "180+1"]
[Date "2022.05.24"]
[WhiteClock "0:00:48"]
[BlackClock "0:02:20"]

1. d4 Nf6 2. c4 e5 3. dxe5 Ng4 4. e3 Nxe5 5. f4 Nec6 6. Nf3 Bb4+ 7. Bd2 Qe7 8. Qb3 Bxd2+ 9. Nbxd2 Na6 10. O-O-O b6 11. g3 Bb7 12. Bg2 O-O-O 13. Rhe1 Nc5 14. Qc2 Nb4 15. Qf5 g6 16. Qg5 Nbd3+ 17. Kc2 f6 18. Qh6 Nxe1+ 19. Rxe1 Ne4 20. Nd4 Nxd2 21. Bxb7+ Kxb7 22. Kxd2 c5 23. Nb3 d5 24. cxd5 Rxd5+ 25. Kc1 Rhd8 26. e4 Rd3 27. Qh3 c4 28. Na1 Qb4 29. Nc2 Qd2+ 30. Kb1 Qd1+ 31. Rxd1 Rxd1# 0-1


[Site "https://www.chess.com"]

[Event "Titled Tuesday Blitz May 24 Early 2022"]
[White "Pranav, V"]
[Black "Kozak, Antoni"]
[WhiteFideId "25060783"]
[BlackFideId "21832030"]
[WhiteElo "2349"]
[BlackElo "2322"]
[Result "0-1"]
[Round "04"]
[TimeControl "180+1"]
[Date "2022.05.24"]
[WhiteClock "0:00:02"]
[BlackClock "0:00:09"]

1. Nf3 d5 2. g3 Nf6 3. Bg2 Bg4 4. O-O e6 5. d3 Be7 6. Nbd2 O-O 7. e4 c5 8. h3 Bxf3 9. Qxf3 Nc6 10. Re1 Rc8 11. c3 b5 12. exd5 Nxd5 13. h4 Re8 14. h5 h6 15. Qe2 b4 16. c4 Nd4 17. Qd1 Nb6 18. a3 a5 19. axb4 axb4 20. Ra7 Rc7 21. Ra6 Nd7 22. Nf3 Bf6 23. Bf4 Rc8 24. Nd2 Nb8 25. Ra1 Nbc6 26. Ne4 Be7 27. Be3 f5 28. Nd2 Bf6 29. Ra6 Qd7 30. Qa4 Red8 31. Nb3 Nxb3 32. Bxc6 Qxd3 33. Bb7 Rb8 34. Bg2 Nd4 35. Kh2 Kh8 36. Bf4 Rbc8 37. Raxe6 Nf3+ 38. Kh3 Nxe1 39. Rxe1 Qxc4 40. b3 Qf7 41. Bf3 Rd3 42. Qa6 Rcd8 43. Kg2 Rxf3 44. Kxf3 Qd5+ 45. Ke2 Re8+ 46. Be3 Qxb3 47. Kf1 Qd5 48. Kg1 Bd4 49. Qg6 Qe6 50. Bd2 Qxg6 51. hxg6 Rxe1+ 52. Bxe1 b3 0-1


[Site "https://www.chess.com"]

[Event "Titled Tuesday Blitz May 24 Early 2022"]
[White "Preotu, Razvan"]
[Black "Bellissimo, Joseph F."]
[WhiteFideId "2613280"]
[BlackFideId "2609843"]
[WhiteElo "2407"]
[BlackElo "2061"]
[Result "1/2-1/2"]
[Round "04"]
[TimeControl "180+1"]
[Date "2022.05.25"]
[WhiteClock "0:00:16"]
[BlackClock "0:00:12"]

1. e4 e6 2. d4 d5 3. Nc3 Nf6 4. e5 Nfd7 5. f4 c5 6. Nf3 Nc6 7. Be3 a6 8. Qd2 b5 9. Be2 Qb6 10. a3 h6 11. Nd1 Bb7 12. c3 O-O-O 13. b4 c4 14. a4 Re8 15. O-O Be7 16. Bf2 f5 17. exf6 gxf6 18. f5 Nf8 19. Ne3 Nd8 20. axb5 axb5 21. fxe6 Nfxe6 22. Nf5 Nf7 23. N3h4 Rhg8 24. Bh5 Neg5 25. Kh1 Bd6 26. Nxd6+ Qxd6 27. Bg3 Qd7 28. Qf4 Kd8 29. Nf5 Ne4 30. Qb8+ Bc8 31. Ra7 Qc6 32. Bc7+ Kd7 33. Bxf7 Nf2+ 34. Kg1 Nh3+ 35. Kh1 Nf2+ 36. Kg1 Nh3+ 37. Kh1 Nf2+ 1/2-1/2


[Site "https://www.chess.com"]

[Event "Titled Tuesday Blitz May 24 Early 2022"]
[White "Prokofiev, Valentyn"]
[Black "Rios Escobar, Adan"]
[WhiteFideId "14160161"]
[BlackFideId "3403645"]
[WhiteElo "2174"]
[BlackElo "2417"]
[Result "1-0"]
[Round "04"]
[TimeControl "180+1"]
[Date "2022.05.25"]
[WhiteClock "0:00:44"]
[BlackClock "0:00:02"]

1. e4 c5 2. Nf3 d6 3. Bb5+ Nd7 4. O-O a6 5. Bxd7+ Bxd7 6. c4 g6 7. d4 cxd4 8. Nxd4 Bg7 9. Nc3 Rc8 10. b3 b5 11. Be3 Nf6 12. Qd3 bxc4 13. bxc4 O-O 14. Rac1 Qa5 15. f3 Rb8 16. Nb3 Qh5 17. Nd5 Nxd5 18. Qxd5 Qe5 19. Bd4 Qe6 20. Bxg7 Kxg7 21. Qd4+ Qf6 22. Qa7 Be6 23. f4 Ra8 24. Qe3 Rfc8 25. c5 Bxb3 26. axb3 dxc5 27. Rxc5 Qb6 28. Rfc1 Rxc5 29. Rxc5 Rc8 30. Rc3 Qxe3+ 31. Rxe3 Rb8 32. e5 Rb4 33. g3 h5 34. Kf2 h4 35. Ke2 hxg3 36. hxg3 g5 37. f5 e6 38. fxe6 fxe6 39. Kd2 Kg6 40. Kc3 Rg4 41. Rf3 Re4 42. Rf6+ Kh5 43. Rxe6 Re3+ 44. Kc4 Rxg3 45. Rxa6 Re3 46. Ra5 Kg6 47. b4 g4 48. Kd4 Re1 49. Ra8 Kf5 50. Rf8+ Kg5 51. b5 g3 52. b6 Kh4 53. Rh8+ Kg4 54. b7 Kf4 55. Rf8+ Kg4 56. b8=Q Rd1+ 57. Ke4 Re1+ 58. Kd5 Rd1+ 59. Ke6 g2 60. Rg8+ Kf3 61. Qb3+ Kf2 62. Qc2+ Ke3 63. Rg3+ Kf4 64. Qf2+ Ke4 65. Rg4+ Kd3 66. Qf3+ Kc2 67. Rxg2+ Kb1 68. Qb3+ Ka1 69. Qb2# 1-0


[Site "https://www.chess.com"]

[Event "Titled Tuesday Blitz May 24 Early 2022"]
[White "Ramirez Vido, Robert Yorisan"]
[Black "Chen, Qi b"]
[WhiteFideId "3513823"]
[BlackFideId "8614733"]
[WhiteElo "2354"]
[BlackElo "2432"]
[Result "0-1"]
[Round "04"]
[TimeControl "180+1"]
[Date "2022.05.25"]
[WhiteClock "0:00:07"]
[BlackClock "0:00:12"]

1. g3 g6 2. Bg2 Bg7 3. d4 d5 4. Nf3 Nf6 5. O-O O-O 6. Nbd2 c5 7. dxc5 Na6 8. Nb3 Ne4 9. c3 Naxc5 10. Nxc5 Nxc5 11. Be3 b6 12. Bd4 Bb7 13. Bxg7 Kxg7 14. Qd4+ f6 15. Rad1 e5 16. Qe3 Qc7 17. h4 h5 18. Nd2 Rad8 19. Nb3 Rf7 20. Nxc5 bxc5 21. b3 a5 22. Qc1 Rfd7 23. e3 a4 24. b4 Ba6 25. Rfe1 Bc4 26. Qc2 Qc6 27. Bf1 Bxf1 28. Rxf1 cxb4 29. Rc1 Rc7 30. Rfd1 bxc3 31. Rd3 d4 32. exd4 exd4 33. Rcd1 Qc4 34. Rb1 Rdd7 35. a3 Re7 36. Rb4 Re1+ 37. Kh2 Qd5 38. f3 Rce7 39. Rbxd4 R7e2+ 40. Qxe2 Rxe2+ 41. Kh3 Qe6+ 42. g4 hxg4+ 43. fxg4 Re3+ 44. Kg2 Rxd3 45. Rxd3 Qe2+ 0-1


[Site "https://www.chess.com"]

[Event "Titled Tuesday Blitz May 24 Early 2022"]
[White "Riehle, Marco"]
[Black "Richter, Nils"]
[WhiteFideId "12904392"]
[BlackFideId "12990809"]
[WhiteElo "2462"]
[BlackElo "2243"]
[Result "1-0"]
[Round "04"]
[TimeControl "180+1"]
[Date "2022.05.25"]
[WhiteClock "0:01:22"]
[BlackClock "0:00:12"]

1. e4 c5 2. a3 e5 3. Nc3 Nc6 4. Bc4 Nf6 5. d3 Be7 6. f4 d6 7. Nf3 exf4 8. Bxf4 O-O 9. O-O Nh5 10. Be3 Be6 11. Nd5 Kh8 12. c3 Nf6 13. Qd2 Ne5 14. Nxe5 dxe5 15. Nxe7 Qxe7 16. Bg5 Bxc4 17. Bxf6 gxf6 18. dxc4 Rg8 19. Qf2 Rg6 20. Rad1 Qe6 21. Qf5 Qxc4 22. Rf2 Rag8 23. h3 Qe6 24. Rd7 Qa2 25. Kh2 Qb1 26. Rxf7 Qe1 27. Rxf6 Rxf6 28. Qxf6+ Rg7 29. Qf5 Qe3 30. Rf3 Qe2 31. Qf8+ Rg8 32. Qf6+ Rg7 33. Rg3 1-0


[Site "https://www.chess.com"]

[Event "Titled Tuesday Blitz May 24 Early 2022"]
[White "Rodchenkov, Sergey D."]
[Black "Clawitter, Craig"]
[WhiteFideId "4168712"]
[BlackFideId "2023105"]
[WhiteElo "2306"]
[BlackElo "2226"]
[Result "1-0"]
[Round "04"]
[TimeControl "180+1"]
[Date "2022.05.25"]
[WhiteClock "0:01:25"]
[BlackClock "0:00:07"]

1. e4 e6 2. d4 d5 3. Nc3 Bb4 4. e5 c5 5. a3 Bxc3+ 6. bxc3 Ne7 7. Qg4 Qc7 8. Qxg7 Rg8 9. Qxh7 cxd4 10. Ne2 Nbc6 11. f4 dxc3 12. h4 Bd7 13. h5 O-O-O 14. Qd3 Nf5 15. Rg1 Rg4 16. Rb1 d4 17. g3 Rdg8 18. Bh3 R4g7 19. g4 Nh6 20. g5 Nf5 21. Bxf5 exf5 22. h6 Rg6 23. Nxd4 Nxd4 24. Qxd4 Rd8 25. h7 Bc6 26. Qxc3 f6 27. exf6 Re8+ 28. Be3 Qxh7 29. Kd2 Qh2+ 30. Kc1 Rgg8 31. f7 Rgf8 32. fxe8=Q+ Rxe8 33. Kb2 1-0


[Site "https://www.chess.com"]

[Event "Titled Tuesday Blitz May 24 Early 2022"]
[White "Rom, Jasper"]
[Black "Shuvalova, Polina"]
[WhiteFideId "2023733"]
[BlackFideId "24171760"]
[WhiteElo "2233"]
[BlackElo "2355"]
[Result "1-0"]
[Round "04"]
[TimeControl "180+1"]
[Date "2022.05.25"]
[WhiteClock "0:00:43"]
[BlackClock "0:00:01"]

1. e4 c5 2. Nc3 Nc6 3. f4 g6 4. Nf3 Bg7 5. Bb5 Nd4 6. O-O Nxb5 7. Nxb5 d5 8. d3 Qb6 9. c4 dxc4 10. dxc4 Bd7 11. Nc3 O-O-O 12. Qc2 Bc6 13. Be3 Nf6 14. h3 Qb4 15. Ne5 Be8 16. Nd5 Nxd5 17. cxd5 Bxe5 18. fxe5 b6 19. a3 Qb5 20. b4 e6 21. d6 c4 22. Bg5 Rd7 23. Bf6 Rg8 24. Rfc1 Kb7 25. Qxc4 Qxc4 26. Rxc4 g5 27. g4 Rg6 28. Rac1 Rxf6 29. Rc7+ Rxc7 30. Rxc7+ Kb8 31. exf6 1-0


[Site "https://www.chess.com"]

[Event "Titled Tuesday Blitz May 24 Early 2022"]
[White "Ronka, Erik"]
[Black "Vidonyak, Roman"]
[WhiteFideId "505080"]
[BlackFideId "14100622"]
[WhiteElo "2264"]
[BlackElo "2359"]
[Result "0-1"]
[Round "04"]
[TimeControl "180+1"]
[Date "2022.05.25"]
[WhiteClock "0:00:05"]
[BlackClock "0:00:09"]

1. d4 Nf6 2. c4 g6 3. Nc3 d5 4. Bf4 Bg7 5. e3 c5 6. dxc5 Qa5 7. Rc1 dxc4 8. Bxc4 O-O 9. Ne2 Qxc5 10. Nb5 Qb4+ 11. Kf1 Ne4 12. a3 Qxb2 13. Rc2 Qf6 14. Nc7 e5 15. Bg3 Rd8 16. Qc1 h5 17. h4 Bg4 18. Kg1 Nc6 19. Nxa8 Rxa8 20. Kh2 Bh6 21. Bd5 Nxg3 22. Nxg3 Qxh4+ 23. Kg1 Qf6 24. Ne4 Qe7 25. Bxc6 bxc6 26. Rxc6 Bf5 27. Nf6+ Kg7 28. Nd5 Qg5 29. Qc3 Be4 30. Nf4 Rd8 31. Qe1 Qg4 32. f3 Bxf3 33. Rh4 Rd1 34. Rxg4 Rxe1+ 35. Kf2 Bxg4 36. Kxe1 exf4 37. exf4 Bxf4 38. Ra6 Be3 39. Rd6 Bc5 40. Rc6 Bxa3 41. Rc7 Bb4+ 42. Kf2 a5 43. g3 Kf6 44. Ke3 Bf5 45. Rc6+ Kg5 46. Ra6 Be6 47. Kf2 Kg4 48. Rb6 Bc5+ 0-1


[Site "https://www.chess.com"]

[Event "Titled Tuesday Blitz May 24 Early 2022"]
[White "Rostovtsev, Dmitry"]
[Black "Hansch, Karsten"]
[WhiteFideId "34278320"]
[BlackFideId "24692239"]
[WhiteElo "2274"]
[BlackElo "2358"]
[Result "1-0"]
[Round "04"]
[TimeControl "180+1"]
[Date "2022.05.25"]
[WhiteClock "0:00:11"]
[BlackClock "0:00:10"]

1. c4 e6 2. Nf3 d5 3. g3 Nf6 4. Bg2 d4 5. O-O Be7 6. b4 O-O 7. Bb2 c5 8. d3 Nbd7 9. bxc5 e5 10. Nbd2 Bxc5 11. Qb3 Re8 12. Ba3 Qe7 13. Bb2 Rb8 14. Ng5 b6 15. Nge4 Bb7 16. a4 Nxe4 17. Bxe4 Bxe4 18. Nxe4 f5 19. Nd2 e4 20. Rae1 e3 21. Nf3 f4 22. Bxd4 Bxd4 23. Nxd4 Nc5 24. Qd1 exf2+ 25. Rxf2 Ra8 26. Ref1 fxg3 27. hxg3 Rad8 28. Nf5 Qg5 29. Qc1 Qxc1 30. Rxc1 g6 31. Nh4 Re3 32. Kg2 Rde8 33. Rc2 Nb3 34. Nf3 Nc5 35. Ra2 g5 36. Nd4 g4 37. Nf5 R3e5 38. Nh6+ Kg7 39. Nxg4 R5e7 40. Nf6 Rf8 41. Nh5+ Kg8 42. Rxf8+ Kxf8 43. Nf4 Rf7 44. a5 bxa5 45. Rxa5 Nb3 46. Ra3 Nd4 47. e3 Nf5 48. Kf3 Re7 49. Nd5 Rf7 50. e4 Nd4+ 51. Kg2 Ne6 52. Ra5 Rg7 53. Kf3 Ke8 54. Nf6+ Ke7 55. Nd5+ Kd6 56. Nf4 Nd4+ 57. Ke3 Nc6 58. Ra6 Rxg3+ 59. Kf2 Rg6 60. Nxg6 hxg6 61. d4 Kc7 62. d5 Ne5 63. c5 Nd3+ 64. Ke3 Nxc5 65. Rc6+ Kd7 66. Rxc5 g5 67. Rc6 g4 68. Kf4 g3 69. Kxg3 a5 70. Ra6 a4 71. Rxa4 1-0


[Site "https://www.chess.com"]

[Event "Titled Tuesday Blitz May 24 Early 2022"]
[White "Rustemov, Alexander"]
[Black "Zemlyanskii, Ivan"]
[WhiteFideId "4119002"]
[BlackFideId "24249971"]
[WhiteElo "2824"]
[BlackElo "1815"]
[Result "1-0"]
[Round "04"]
[TimeControl "180+1"]
[Date "2022.05.24"]
[WhiteClock "0:00:53"]
[BlackClock "0:00:03"]

1. d4 Nf6 2. c4 e6 3. Nf3 b6 4. a3 Bb7 5. Nc3 d5 6. Bg5 Be7 7. Bxf6 Bxf6 8. cxd5 exd5 9. Qa4+ Nd7 10. g3 O-O 11. Bh3 Nb8 12. O-O Re8 13. Rfd1 c6 14. e3 Na6 15. Rac1 Nc7 16. b4 a6 17. Qb3 Ne6 18. Na4 Rc8 19. Rc2 g6 20. Rdc1 Qc7 21. Nc3 Qd6 22. a4 b5 23. Ne1 Ra8 24. Nd3 Ng5 25. Bg2 Bc8 26. Ne2 Bd7 27. Nc5 Bf5 28. Ra2 Nh3+ 29. Kf1 h5 30. axb5 axb5 31. Rca1 Rxa2 32. Qxa2 Bg5 33. Nf4 Bxf4 34. gxf4 Qe7 35. Qd2 Qh4 36. f3 g5 37. Qe1 1-0


[Site "https://www.chess.com"]

[Event "Titled Tuesday Blitz May 24 Early 2022"]
[White "Sailer, Mike"]
[Black "Ljukin, Sergei"]
[WhiteFideId "2012901"]
[BlackFideId "14102200"]
[WhiteElo "2109"]
[BlackElo "2312"]
[Result "0-1"]
[Round "04"]
[TimeControl "180+1"]
[Date "2022.05.25"]
[WhiteClock "0:00:06"]
[BlackClock "0:00:14"]

1. d4 d5 2. Nf3 Nf6 3. Bf4 c5 4. e3 Nc6 5. Nc3 Bg4 6. Be2 e6 7. O-O Be7 8. Ne5 Bxe2 9. Nxe2 O-O 10. Nxc6 bxc6 11. c3 Bd6 12. Bxd6 Qxd6 13. dxc5 Qxc5 14. Qd4 Qd6 15. c4 Rfd8 16. cxd5 cxd5 17. Rfc1 e5 18. Qc5 Qe6 19. h3 h5 20. Qc6 Qf5 21. Ng3 Qg5 22. Rc5 h4 23. Ne2 Qf5 24. Nc3 Rac8 25. Qb5 Rb8 26. Qa5 Rd7 27. b3 Qd3 28. Rd1 Qc2 29. Re1 d4 30. exd4 exd4 31. Nd5 Qg6 32. Nxf6+ Qxf6 33. Rce5 d3 34. Re8+ Rxe8 35. Rxe8+ Kh7 0-1


[Site "https://www.chess.com"]

[Event "Titled Tuesday Blitz May 24 Early 2022"]
[White "Samadov, Read"]
[Black "Golubev, Mikhail"]
[WhiteFideId "13417444"]
[BlackFideId "14100983"]
[WhiteElo "2084"]
[BlackElo "2374"]
[Result "1/2-1/2"]
[Round "04"]
[TimeControl "180+1"]
[Date "2022.05.24"]
[WhiteClock "0:00:10"]
[BlackClock "0:00:04"]

1. d4 Nf6 2. c4 g6 3. Nc3 Bg7 4. e4 d6 5. f4 O-O 6. Nf3 Na6 7. Bd3 Bg4 8. h3 Bxf3 9. Qxf3 e5 10. fxe5 dxe5 11. d5 c6 12. O-O cxd5 13. cxd5 Ne8 14. Be3 Nd6 15. Rac1 Nc7 16. b3 Qd7 17. Na4 f5 18. Nc5 Qe7 19. Qe2 b6 20. exf5 bxc5 21. fxg6 e4 22. gxh7+ Kh8 23. Bxc5 Nxd5 24. Rxf8+ Rxf8 25. Bxd6 Qxd6 26. Qxe4 Nc3 27. Qc4 Rd8 28. Bf1 Bd4+ 29. Kh1 Qg3 30. Qe6 Be5 31. Kg1 Ne4 32. Bc4 Qf2+ 33. Kh1 Ng3+ 34. Kh2 Nf1+ 35. Kh1 Ng3+ 36. Kh2 Nf1+ 37. Kh1 Ng3+ 1/2-1/2


[Site "https://www.chess.com"]

[Event "Titled Tuesday Blitz May 24 Early 2022"]
[White "Samaganova, Aleksandra"]
[Black "Shtyka, Sergey"]
[WhiteFideId "13800221"]
[BlackFideId "4138465"]
[WhiteElo "1889"]
[BlackElo "2014"]
[Result "0-1"]
[Round "04"]
[TimeControl "180+1"]
[Date "2022.05.25"]
[WhiteClock "0:00:04"]
[BlackClock "0:00:36"]

1. c4 c5 2. Nc3 Nc6 3. g3 g6 4. Bg2 Bg7 5. e3 e5 6. Nge2 Nge7 7. O-O O-O 8. a3 d6 9. Rb1 a5 10. Nd5 Nxd5 11. cxd5 Ne7 12. b4 axb4 13. axb4 b6 14. bxc5 bxc5 15. d4 exd4 16. exd4 Bf5 17. Rb7 c4 18. Bg5 Re8 19. Qc1 Bd3 20. Re1 Rb8 21. Rxb8 Qxb8 22. Nf4 Nf5 23. Rxe8+ Qxe8 24. Nxd3 cxd3 25. Bf1 Nxd4 26. Bxd3 Nf3+ 27. Kh1 Bd4 28. Be3 Bxe3 29. Qxe3 Qxe3 30. fxe3 Kg7 31. Be2 Nd2 32. Bd3 Kf6 33. Kg2 Ke5 34. Kf2 Kxd5 35. Ke2 Nb3 36. Bb1 Ke5 37. Kd3 Nc5+ 38. Ke2 f5 39. Kf3 h6 40. Ba2 g5 41. h3 Ne4 42. Bf7 g4+ 43. hxg4 Ng5+ 44. Kg2 Nxf7 0-1


[Site "https://www.chess.com"]